 Dungeon Crawl Stone Soup version 0.21.0-25-ge575cb9 (webtiles) character file.

50347 lydgate the Geomancer (level 14, -10/84 HPs)
             Began as a Gargoyle Earth Elementalist on Jan 26, 2018.
             Was a High Priest of Vehumet.
             Killed by divine providence
             ... invoked by a sphinx
             ... summoned by Kirke
              (16 damage)
             ... on level 2 of the Swamp on Jan 27, 2018.
             The game lasted 03:17:50 (24799 turns).

lydgate the Geomancer (GrEE)                       Turns: 24799, Time: 03:17:51

Health: -10/84     AC: 23    Str: 13    XL:     14   Next: 54%
Magic:  35/35      EV: 12    Int: 20    God:    Vehumet [*****.]
Gold:   1249       SH: 10    Dex: 10    Spells: 8/30 levels left

rFire    . . .     SeeInvis +   G - +1 whip (drain)
rCold    . . .     Gourm    .   F - +0 shield
rNeg     + . .     Faith    .   a - +0 swamp dragon scales
rPois    ∞         Spirit   .   g - +1 hat {SInv}
rElec    +         Reflect  .   (no cloak)
rCorr    .         Harm     .   H - +1 pair of gloves
MR       +....                  M - +0 pair of boots
Stlth    +.........             K - amulet of regeneration
HPRegen  0.64/turn              T - ring of magical power
MPRegen  0.24/turn              A - ring of wizardry

@: flying, slowed, very slow
A: big wings, thin metallic scales 1, deformed body, negative energy resistance
1, electricity resistance, unbreathing, petrification resistance, no potion heal
1, rot immunity, AC +10
a: Stop Flying, Renounce Religion


You were on level 2 of the Swamp.
You worshipped Vehumet.
Vehumet was extremely pleased with you.
You were not hungry.

You visited 4 branches of the dungeon, and saw 18 of its levels.
You also visited: Labyrinth.

You collected 1249 gold pieces.

Inventory:

Hand Weapons
 z - a +1 mace of holy wrath
 G - a +1 whip of draining (weapon)
Missiles
 b - 179 stones (quivered)
Armour
 a - +0 swamp dragon scales (worn)
 g - a +1 hat of see invisible (worn)
 F - a +0 shield (worn)
 H - a +1 pair of gloves (worn)
 M - a +0 pair of boots (worn)
 S - a +2 robe of fire resistance
 U - a +2 robe of cold resistance
Magical Staves
 j - an uncursed staff of power {unknown}
Jewellery
 n - an uncursed ring of protection from fire
 q - a +6 amulet of reflection
 x - an uncursed ring of protection from cold
 y - an uncursed ring of fire
 A - a ring of wizardry (right hand)
 K - an amulet of regeneration (around neck)
 L - an uncursed ring of protection from magic
 T - a ring of magical power (left hand)
Wands
 i - a wand of paralysis (7)
 v - a wand of polymorph (12)
 E - a wand of disintegration (15)
 I - a wand of acid (5)
 O - a wand of iceblast (8)
Scrolls
 k - 2 scrolls of identify
 r - 2 scrolls of teleportation
 t - 3 scrolls of magic mapping
 u - 7 scrolls of remove curse
 D - 3 scrolls of fog
 R - a scroll of enchant weapon
 V - a scroll of immolation
Potions
 h - 2 potions of brilliance
 l - 4 potions of lignification
 m - 2 potions of curing
 p - 5 potions of might
 s - 2 potions of magic
 B - 4 potions of agility
Books
 e - a book of Summonings

   Spells                             Type                      Level
   a - Recall                         Summoning/Translocation      3
   b - Aura of Abjuration             Summoning                    5
   c - Summon Demon                   Summoning                    5
   d - Summon Forest                  Summoning/Translocation      5
   e - Summon Mana Viper              Hexes/Summoning              5
   f - Shadow Creatures               Summoning                    6
Comestibles
 d - 23 rations
 f - a chunk of flesh


   Skills:
 + Level 8.9 Fighting
 + Level 8.1 Maces & Flails
 + Level 9.0 Armour
 + Level 7.1 Dodging
 - Level 2.1 Stealth
 + Level 8.9 Shields
 + Level 8.9 Spellcasting
 + Level 9.5 Conjurations
 - Level 0.7 Transmutations
 + Level 11.6 Earth Magic
 + Level 7.2 Evocations


You had 8 spell levels left.
You knew the following spells:

 Your Spells              Type           Power        Failure   Level  Hunger
a - Sandblast             Erth           ######       1%          1    None
b - Stone Arrow           Conj/Erth      ######       1%          3    None
c - Lee's Rapid Deconstr  Erth           ######....   1%          5    #####..
d - Magic Dart            Conj           ####         1%          1    None
e - Searing Ray           Conj           #####.       1%          2    None
f - Iskenderun's Mystic   Conj           #####...     1%          4    ###....
g - Mephitic Cloud        Conj/Pois/Air  ###.....     3%          3    None
h - Ignite Poison         Fire/Tmut/Pois #.......     10%         3    None


Dungeon Overview and Level Annotations

Branches:
Dungeon (9/15)             Temple (1/1) D:7            Lair (6/6) D:9
  Swamp (1/4) Lair:3        Snake (0/4) Lair:4        Slime (0/5) Lair:5
    Orc: D:9-12

Altars:
Ashenzari
Cheibriados
Dithmenos
Elyvilon
Fedhas
Gozag
Hepliaklqana
Kikubaaqudgha
Makhleb
Nemelex Xobeh
Okawaru
Qazlal
Ru
Sif Muna
Trog
Uskayaw
Vehumet
Wu Jian
Xom
Yredelemnul
Zin
The Shining One
Jiyva

Annotations:
D:3 1 runed door
D:4 Menkaure
Lair:5 exclusion: oklob plant
Swamp:2 Kirke


Innate Abilities, Weirdness & Mutations

You are resistant to torment.
Your stone body is resilient. (AC +10)
You are immune to poison.
Your large and strong wings let you fly indefinitely.
You resist negative energy. (rN+)
You are resistant to electric shocks. (rElec)
You can survive without breathing.
You are immune to petrification.
You are immune to rotting.
You are partially covered in thin metallic scales. (AC +2)
Armour fits poorly on your strangely shaped body.
Potions are less effective at restoring your health.


Message History

The eight-headed hydra bites you but does no damage. x3
You block the eight-headed hydra's attack. x2
The eight-headed hydra bites you but does no damage.
The hog bites you but does no damage.
The sphinx hits you but does no damage. x2
The sphinx hits you.
* * * LOW HITPOINT WARNING * * *
Your surroundings suddenly seem different.
You escape the reach of the grasping roots.
You fly up into the air.
You block the hog's attack. The hog misses you.
The shambling mangrove reaches out with a gnarled limb.
Grasping roots rise from the ground around the shambling mangrove!
You block the hog's attack.
The hog squeals angrily. x2
The hog completely misses you. The hog bites you.
* * * LOW HITPOINT WARNING * * *
The hog barely misses you.
The sphinx casts a spell.
Something smites you!
You die...

♣ ♣ ♣. ♣. .♣ ♣.♣ .♣
♣.♣♣♣.♣ ♣♣.♣@♣
♣.♣h♣.♣♣ ♣H♣♣♣.♣
≈≈≈≈...≈.♣ ♣♣.♣.♣.♣
≈≈≈≈≈.≈.♣≈♣.♣.♣F♣
♣.♣
≈≈≈≈≈≈...♣...♣.♣♣
♣.♣
≈≈≈....≈≈≈♣H♣♣F.♣
♣..
≈≈=.>....♣h..♣..♣♣♣
..
..≈.....h≈≈f♣≈≈≈♣


You could see a sphinx and a hog.

Vanquished Creatures
  Gastronok (Lair:3)
  Aizul (Lair:3)
  2 entropy weavers (Lair:6)
  A minotaur (Lab)
  A fire dragon (Lair:6)
  2 hydras
  A queen ant (Lair:6)
  An alligator (Swamp:1)
  Nergalle (Lair:3)
  A spriggan (Swamp:1)
  3 swamp dragons
  Pikel (D:6)
  2 black mambas (Lair:6)
  Joseph (D:9)
  The ghost of Thaneod the Firebug, a novice DEFE of Vehumet (D:6)
  10 elephants
  A torpor snail (Lair:6)
  6 spiny frogs
  A rime drake (Lair:6)
  7 komodo dragons
  12 polar bears
  Grinder (D:6)
  A hornet (Swamp:1)
  The ghost of tidbits the Insei, an amateur GnTm of Cheibriados (D:4)
  3 raiju (Lair:6)
  19 blink frogs
  7 slime creatures
  2 bog bodies (Swamp:1)
  7 hippogriffs
  4 dream sheep (Lair:6)
  Sigmund (D:4)
  A wyvern (Lair:4)
  33 yaks
  A hog (Swamp:2)
  2 basilisks
  3 vampire mosquitoes (Lair:3)
  4 wargs (Lair:6)
  20 soldier ants (Lair:6)
  5 insubstantial wisps (Swamp:1)
  3 nagas (Lair:4)
  2 acid dragons (Lair:6)
  14 hell hounds (Lair:6)
  10 water moccasins
  4 porcupines
  5 swamp drakes
  An orc warrior (D:9)
  A phantom (D:4)
  3 sky beasts
  3 ice beasts
  13 wolves (Lair:6)
  11 black bears (Lair:6)
  3 centaurs
  6 ogres
  6 crocodiles
  2 big kobolds (D:9)
  9 bullfrogs
  2 scorpions
  7 killer bees
  4 wights (D:9)
  3 crimson imps (D:8)
  A centaur zombie (D:8)
  2 hounds
  3 orc priests (D:6)
  A quasit (D:8)
  4 orc wizards
  A centaur skeleton (D:4)
  Ijyb (D:5)
  4 iguanas
  21 worker ants
  A worker ant zombie (D:8)
  Robin (D:3)
  12 adders
  4 gnolls (D:7)
  A shadow imp (D:7)
  An ooze (D:2)
  An adder skeleton (D:9)
  A worm (D:1)
  A dart slug (D:2)
  4 leopard geckos
  10 orcs
  2 ball pythons
  4 bats
  5 giant cockroaches
  12 goblins
  10 hobgoblins
  24 jackals
  10 kobolds
  5 quokkas
  6 frilled lizards
  A leopard gecko skeleton (D:4)
  7 rats
  A plant (Lair:5)
446 creatures vanquished.

Vanquished Creatures (others)
  2 slaves (D:6)
  A shadow imp (D:6)
  A bush (Lair:3)
  17 fungi
  18 plants
39 creatures vanquished.

Grand Total: 485 creatures vanquished

Notes
Turn   | Place    | Note
-------+----------+-------------------------------------------
     0 | D:1      | lydgate the Gargoyle Earth Elementalist began the quest for the Orb.
     0 | D:1      | Reached XP level 1. HP: 10/10 MP: 3/3
   400 | D:1      | Reached XP level 2. HP: 6/15 MP: 3/5
   425 | D:1      | Reached skill level 4 in Earth Magic
  1014 | D:1      | Reached XP level 3. HP: 17/19 MP: 6/6
  1019 | D:1      | Learned a level 3 spell: Stone Arrow
  1642 | D:2      | Found an opulent altar of Gozag.
  1754 | D:2      | Reached XP level 4. HP: 16/24 MP: 2/8
  1971 | D:2      | Reached skill level 5 in Earth Magic
  2025 | D:2      | Found a basalt altar of Yredelemnul.
  2492 | D:3      | Noticed Robin
  2501 | D:3      | Reached XP level 5. HP: 15/28 MP: 1/10
  2889 | D:3      | Killed Robin
  3073 | D:3      | Learned a level 5 spell: Lee's Rapid Deconstruction
  3412 | D:3      | Found a runed door.
  4097 | D:4      | Reached skill level 1 in Conjurations
  4203 | D:4      | Reached skill level 6 in Earth Magic
  4203 | D:4      | Reached XP level 6. HP: 32/32 MP: 2/12
  4303 | D:4      | Noticed Menkaure
  4683 | D:4      | Noticed tidbits's ghost (amateur GnTm)
  4716 | D:4      | Killed tidbits's ghost
  4716 | D:4      | Reached XP level 7. HP: 29/36 MP: 0/13
  4930 | D:4      | Reached skill level 1 in Maces & Flails
  5245 | D:4      | Noticed Sigmund
  5502 | D:4      | Reached skill level 1 in Fighting
  5502 | D:4      | Reached skill level 1 in Armour
  5502 | D:4      | Reached skill level 1 in Shields
  5861 | D:4      | Killed Sigmund
  5861 | D:4      | Reached skill level 7 in Earth Magic
  5861 | D:4      | Reached XP level 8. HP: 17/44 MP: 1/15
  6075 | D:5      | Entered Level 5 of the Dungeon
  6075 | D:5      | Noticed Ijyb
  6084 | D:5      | Killed Ijyb
  7249 | D:6      | Reached skill level 5 in Spellcasting
  7365 | D:6      | Noticed Pikel
  7404 | D:6      | Killed Pikel
  7404 | D:6      | Reached skill level 1 in Evocations
  7467 | D:6      | Reached XP level 9. HP: 48/49 MP: 11/16
  7937 | D:6      | Noticed Thaneod's ghost (novice DEFE)
  8059 | D:6      | Killed Thaneod's ghost
  8279 | D:6      | Noticed Grinder
  8303 | D:6      | Killed Grinder
  8560 | D:6      | Found a white marble altar of Elyvilon.
  8563 | D:6      | Found a snail-covered altar of Cheibriados.
  8564 | D:6      | Found an ornate altar of the Wu Jian Council.
  9224 | D:7      | Found a staircase to the Ecumenical Temple.
  9244 | Temple   | Entered the Ecumenical Temple
  9344 | Temple   | Became a worshipper of Vehumet
  9394 | D:7      | Reached skill level 5 in Conjurations
  9410 | D:7      | Reached skill level 8 in Earth Magic
  9855 | D:8      | Reached XP level 10. HP: 56/56 MP: 14/18
 10423 | D:9      | Noticed Joseph
 10430 | D:9      | Killed Joseph
 10661 | D:9      | Reached * piety under Vehumet
 10661 | D:9      | Offered knowledge of Shock by Vehumet.
 10712 | D:9      | Found a stormy altar of Qazlal.
 11051 | D:9      | Reached skill level 5 in Armour
 11230 | D:9      | Reached skill level 5 in Fighting
 11435 | D:9      | Found a staircase to the Lair.
 11474 | D:9      | Reached skill level 5 in Shields
 11496 | D:9      | Reached ** piety under Vehumet
 11496 | D:9      | Offered knowledge of Throw Frost by Vehumet.
 11496 | D:9      | Reached XP level 11. HP: 51/63 MP: 1/20
 11677 | D:9      | Reached skill level 9 in Earth Magic
 11940 | Lair:1   | Entered Level 1 of the Lair of Beasts
 12106 | Lair:1   | Reached skill level 5 in Maces & Flails
 12927 | Lair:2   | Found a labyrinth entrance.
 12936 | Lab      | Entered a labyrinth
 13511 | Lab      | Noticed a minotaur
 13868 | Lab      | Killed a minotaur
 14824 | Lair:3   | Noticed Gastronok
 14903 | Lair:3   | Killed Gastronok
 14903 | Lair:3   | Reached skill level 5 in Dodging
 14980 | Lair:3   | Learned a level 1 spell: Magic Dart
 14983 | Lair:3   | Learned a level 2 spell: Searing Ray
 14988 | Lair:3   | Learned a level 4 spell: Iskenderun's Mystic Blast
 14993 | Lair:3   | Reached XP level 12. HP: 70/70 MP: 7/22
 14995 | Lair:3   | Reached skill level 5 in Evocations
 15518 | Lair:3   | Offered knowledge of Mephitic Cloud by Vehumet.
 15526 | Lair:3   | Learned a level 3 spell: Mephitic Cloud
 15692 | Lair:3   | Found a staircase to the Swamp.
 16066 | Lair:3   | Reached skill level 10 in Earth Magic
 16359 | Lair:3   | Noticed Nergalle
 16798 | Lair:3   | Killed Nergalle
 16798 | Lair:3   | Reached *** piety under Vehumet
 16854 | Lair:4   | Found a staircase to the Snake Pit.
 17626 | Lair:5   | Noticed a five-headed hydra
 17815 | Lair:4   | Killed a five-headed hydra
 18407 | Lair:4   | Reached XP level 13. HP: 68/76 MP: 1/24
 18550 | Lair:4   | Offered knowledge of Ignite Poison by Vehumet.
 18557 | Lair:4   | Learned a level 3 spell: Ignite Poison
 19068 | Lair:5   | Found a staircase to the Slime Pits.
 19068 | Lair:5   | Found a viscous altar of Jiyva.
 19419 | Lair:6   | Entered Level 6 of the Lair of Beasts
 20149 | Lair:6   | Noticed a fire dragon
 20325 | Lair:6   | Reached **** piety under Vehumet
 20604 | Lair:6   | Noticed an entropy weaver
 20655 | Lair:6   | Noticed an entropy weaver
 20920 | Lair:6   | Killed a fire dragon
 21120 | Lair:6   | Offered knowledge of Throw Icicle by Vehumet.
 21189 | Lair:6   | Gained mutation: Potions are less effective at restoring your health. [potion of mutation]
 21189 | Lair:6   | Gained mutation: Armour fits poorly on your strangely shaped body. [potion of mutation]
 21189 | Lair:6   | Gained mutation: You are partially covered in thin metallic scales. (AC +2) [potion of mutation]
 21189 | Lair:6   | Gained mutation: Your large and strong wings let you fly indefinitely. [potion of mutation]
 21793 | Lair:6   | Reached skill level 11 in Earth Magic
 22119 | Lair:6   | Reached ***** piety under Vehumet
 22121 | Lair:6   | Offered knowledge of Olgreb's Toxic Radiance by Vehumet.
 22138 | Lair:6   | Killed an entropy weaver
 22311 | Lair:6   | Mutation became permanent: Your large and strong wings let you fly indefinitely. [Gargoyle growth]
 22311 | Lair:6   | Gained mutation: Your large and strong wings let you fly indefinitely. [Gargoyle growth]
 22311 | Lair:6   | Reached XP level 14. HP: 80/84 MP: 11/26
 22861 | Lair:6   | Killed an entropy weaver
 23616 | Swamp:1  | Entered Level 1 of the Swamp
 23764 | Swamp:1  | Noticed Aizul
 24266 | Lair:3   | Killed Aizul
 24384 | Lair:3   | Offered knowledge of Ozocubu's Refrigeration by Vehumet.
 24770 | Swamp:1  | You fall through a shaft!
 24770 | Swamp:2  | Noticed Kirke
 24779 | Swamp:2  | Noticed a sphinx
 24792 | Swamp:2  | HP: 3/84 [sphinx[Kirke] (6)]
 24797 | Swamp:2  | HP: 4/84 [hog[Kirke] (5)]
 24799 | Swamp:2  | Killed from afar by a sphinx

Skill      XL: |  1  2  3  4  5  6  7  8  9 10 11 12 13 14 |
---------------+-------------------------------------------+-----
Earth Magic    | 4 5 6 7 8 9 10 11 | 11.6
Spellcasting   | 3 4 5 6 7 8 |  8.9
Conjurations   | 1 2 3 4 5 6 7 8 9 |  9.5
Maces & Flails | 1 2 3 4 5 6 7 8 |  8.1
Fighting       | 1 2 3 5 6 7 8 |  8.9
Armour         | 1 2 4 5 6 7 8 9 |  9.0
Shields        | 1 2 3 5 6 7 8 |  8.9
Dodging        | 2 3 4 5 6 7 |  7.1
Evocations     | 1 2 3 4 5 6 7 |  7.2
Stealth        | |  2.1
Transmutations | |  0.7

Action                   |  1- 3 |  4- 6 |  7- 9 | 10-12 | 13-15 || total
-------------------------+-------+-------+-------+-------+-------++-------
Melee: Unarmed           |    17 |       |       |       |       ||    17
       Club              |    17 |       |       |       |       ||    17
       Mace              |    60 |   142 |   134 |     2 |       ||   338
       Whip              |       |       |       |   160 |   368 ||   528
 Cast: Sandblast         |    36 |    20 |    36 |   219 |   225 ||   536
       Stone Arrow       |     3 |    27 |    70 |   134 |   171 ||   405
       Lee's Rapid Decon |       |       |     5 |    19 |    19 ||    43
       Iskenderun's Myst |       |       |       |    13 |    16 ||    29
       Magic Dart        |       |       |       |    13 |    75 ||    88
       Mephitic Cloud    |       |       |       |    11 |    28 ||    39
       Searing Ray       |       |       |       |     3 |    20 ||    23
       Ignite Poison     |       |       |       |       |     2 ||     2
Evoke: Wand              |       |       |     1 |     8 |    14 ||    23
  Use: Scroll            |       |     5 |     6 |    11 |    14 ||    36
       Potion            |       |       |     1 |     2 |     6 ||     9
  Eat: Chunk             |     4 |    12 |    11 |    28 |    14 ||    69
       Ration            |       |       |     3 |     2 |     4 ||     9
Armor: Robe              |    56 |   101 |    83 |   172 |   266 ||   678
       Skin              |       |       |    25 |     2 |       ||    27
       Swamp dragon scal |       |       |       |       |    61 ||    61
Dodge: Dodged            |    91 |   173 |   155 |   244 |   389 ||  1052
Block: Buckler           |       |       |       |   107 |    65 ||   172
       Shield            |       |       |       |       |   159 ||   159
